 Dungeon Crawl Stone Soup version 0.32-a0-986-ga09f62fbf4 (webtiles) character file.

Game seed: 4953262901998182317

15068 jasper the Fighter (level 11, -15/102 HPs)
             Began as a Mountain Dwarf Fire Elementalist on Apr 21, 2024.
             Was a Believer of Ignis.
             Killed from afar by a gargoyle (30 damage)
             ... with a stone arrow
             ... on level 12 of the Dungeon.
             The game lasted 00:24:08 (14574 turns).

jasper the Fighter (MDFE)                          Turns: 14574, Time: 00:24:08

Health: -15/102    AC: 14    Str: 11    XL:     11   Next: 97%
Magic:  1/15       EV:  6    Int: 20    God:    Ignis [**....]
Gold:   545        SH: 10    Dex: 10    Spells: 2/16 levels left

rFire   + + .        J - +2 demon whip (vamp)
rCold   . . .        A - +0 kite shield
rNeg    . . .        s - +1 scale mail
rPois   .            u - +0 helmet
rElec   .            U - +0 cloak
rCorr   .            F - +0 pair of gloves
SInv    .            (no boots)
Will    +....        (no amulet) Stlth
                     f - ring of protection from fire
HPRegen 0.37/turn    (no ring)
MPRegen 0.14/turn

%: no passive effects
@: no status effects
A: runic magic, artefact enchanting
a: Renounce Religion, Fiery Armour, Foxfire Swarm, Rising Flame


You were on level 12 of the Dungeon.
You worshipped Ignis.
Ignis was pleased with you.
You visited 1 branch of the dungeon, and saw 12 of its levels.

You collected 858 gold pieces.
You spent 313 gold pieces at shops.

Inventory:

Hand Weapons
 c - a +0 dagger
 o - a +0 hand axe
 p - a +4 flail of protection
 t - a +0 spear
 x - a +1 heavy spear
 J - a +2 vampiric demon whip (weapon)
Missiles
 i - 122 stones
 H - 6 datura-tipped darts
 I - 34 poisoned darts
Armour
 a - a +0 robe
 l - a +0 ring mail
 s - a +1 scale mail (worn)
 u - a +0 helmet (worn)
 A - a +0 kite shield (worn)
 F - a +0 pair of gloves (worn)
 U - a +0 cloak (worn)
 W - the +3 ring mail of Omission {rF+ Regen+ Slay+3}
   (You found it on level 11 of the Dungeon)

   Slay+3:    It affects your accuracy & damage with ranged weapons and melee
   (+3).
   rF+:       It protects you from fire.
   Regen+:    It increases your rate of health regeneration.
Magical Staves
 E - a staff of air
Jewellery
 f - a ring of protection from fire (left hand)
 q - a ring of ice
Wands
 n - a wand of polymorph (15)
 y - a wand of roots (5)
 D - a wand of digging (5)
 P - a wand of mindburst (13)
 Q - a wand of flame (39)
 V - a wand of paralysis (1)
Scrolls
 b - a scroll of amnesia
 r - a scroll of fog
 w - 2 scrolls of vulnerability
 B - a scroll of fear
 C - 5 scrolls of teleportation
 L - 2 scrolls of revelation
 N - a scroll of blinking
 R - 2 scrolls of identify
 T - a scroll of brand weapon {unknown}
Potions
 d - 4 potions of curing
 e - 3 potions of lignification
 g - 4 potions of mutation
 h - 4 potions of haste
 j - 2 potions of enlightenment
 k - 3 potions of resistance
 m - 3 potions of degeneration
 v - a potion of brilliance {unknown}
 z - a potion of berserk rage
 G - a potion of heal wounds
 K - 2 potions of cancellation
 M - a potion of invisibility
 O - a potion of magic
 S - a potion of ambrosia {unknown}
 X - a potion of attraction {unknown}


   Skills:
 + Level 11.4 Fighting
 - Level 5.0 Maces & Flails
 + Level 11.1 Armour
 - Level 1.3 Dodging
 - Level 1.4 Stealth
 + Level 9.7 Shields
 - Level 3.0 Spellcasting
 - Level 3.1 Conjurations
 - Level 2.0 Translocations
 - Level 9.0 Fire Magic


You had 2 spell levels left.
You knew the following spells:

 Your Spells              Type           Power      Damage    Failure   Level
a - Foxfire               Conj/Fire      100%       2x1d9     4%          1
b - Scorch                Fire           78%        2d8       1%          2
c - Volatile Blastmotes   Fire/Tloc      50%        2d14      17%         3
d - Flame Wave            Conj/Fire      27%        2d9       43%         4
e - Summon Lightning Spi  Summ/Air       3%         N/A       99%         4

Your spell library contained the following spells:

 Spells                   Type           Power      Damage    Failure   Level
 Magic Dart               Conj           60%        1d6       16%         1
 Apportation              Tloc           22%        N/A       24%         1
 Blink                    Tloc           22%        N/A       36%         2
 Static Discharge         Conj/Air       18%        3-4/arc   41%         2
 Call Imp                 Summ           6%         N/A       63%         2
 Jinxbite                 Hex            6%         N/A       63%         2
 Inner Flame              Hex/Fire       21%        N/A       26%         3
 Hailstorm                Conj/Ice       9%         3d6       65%         3
 Summon Ice Beast         Ice/Summ       3%         N/A       86%         3
 Airstrike                Air            1%         2d(1-17)  99%         4
 Alistair's Intoxication  Alch           2%         N/A       100%        5
 Summon Mana Viper        Hex/Summ       3%         N/A       100%        5
 Permafrost Eruption      Ice/Erth       1%         2x4d2     100%        6
 Sculpt Simulacrum        Ice/Alch       1%         N/A       100%        6
 Summon Cactus Giant      Summ           1%         N/A       100%        6
 Monstrous Menagerie      Summ           1%         N/A       100%        7


Dungeon Overview and Level Annotations

Branches:
Dungeon (12/15)            Temple (0/1) D:6            Lair (0/5) D:9
    Orc (0/2) D:11

Altars:
Ashenzari
Cheibriados
Dithmenos
Okawaru
Sif Muna
Vehumet
Zin
The Shining One
Ignis

Shops:
D:1 (   D:5 *   D:6 ?*[*   D:8 =   D:10 =   D:11 (


Innate Abilities, Weirdness & Mutations

Your spellcasting is much less encumbered by armour.
You can use scrolls of enchantment on lesser artefacts.


Message History

The gargoyle hits you with a +0 mace.
You take 1 damage, and have 60/102 hp.
You now have 4/15 mp.
Casting: Scorch (safe; 1% risk of failure)
Confirm with . or Enter, or press ? or * to list all spells.
Flames lash the gargoyle.
The gargoyle is severely damaged.
The gargoyle hits you but does no damage.
You now have 2/15 mp.
Casting: Scorch (safe; 1% risk of failure)
Confirm with . or Enter, or press ? or * to list all spells.
Flames lash the gargoyle.
The gargoyle is burned terribly!
The gargoyle is severely damaged.
The gargoyle hurls a stone arrow at you.
The stone arrow hits you.
You take 3 damage, and have 57/102 hp.
You now have 0/15 mp.
You barely miss the gargoyle.
The gargoyle is severely damaged.
The gargoyle hurls a stone arrow at you.
The stone arrow hits you!
You take 8 damage, and have 49/102 hp.
You barely miss the gargoyle.
The gargoyle is severely damaged.
The gargoyle hits you with a +0 mace.
You take 6 damage, and have 43/102 hp.
You hit the gargoyle but do no damage.
The gargoyle is severely damaged.
The gargoyle hits you with a +0 mace.
You take 5 damage, and have 38/102 hp.
You closely miss the gargoyle.
The gargoyle is severely damaged.
The gargoyle hurls a stone arrow at you.
The stone arrow hits you!!
* * * LOW HITPOINT WARNING * * *
You take 23 damage, and have 15/102 hp.
MASSIVE DAMAGE!!
You hit the gargoyle.
The gargoyle is almost destroyed.
The gargoyle hurls a stone arrow at you.
The stone arrow hits you!!
You die...
Ignis goes out, and joins you in death.

#### ...# .# ...#####
#### ..[#...###### ..#..
...#........# ß...>
............# [$.#..
...##.......######...###
...##...........9.......
...##...........@..⌠....
...##............!......
#####.......######...###
#.......# ...#..
##<###### ß...< #.#
..#.. #.# ####
##.####### .#
#####.........


You could see a gargoyle (combustible).

Vanquished Creatures
  A hydra (D:9)
  5 two-headed ogres
  A boulder beetle (D:11)
  A cyclops (D:12)
  A manticore (D:11)
  2 unseen horrors (D:11)
  Jeremiah (D:6)
  A kobold demonologist (D:9)
  3 komodo dragons (D:9)
  A troll (D:9)
  2 water elementals (D:11)
  A wyvern (D:10)
  16 yaks
  4 wraiths
  Edmund (D:5)
  3 water moccasins
  5 orc warriors
  2 ice beasts
  A black bear (D:7)
  3 ogres (D:6)
  A phantom (D:4)
  5 centaurs
  2 kobold brigands
  6 bullfrogs
  6 scorpions
  5 wights (D:8)
  4 killer bees (D:9)
  An electric eel (D:11)
  6 howler monkeys
  6 jellies
  3 bombardier beetles
  8 orc priests
  A gnoll bouda (D:5)
  4 hounds
  A sleepcap (D:6)
  8 iguanas (D:5)
  9 orc wizards
  11 gnolls
  10 adders
  2 shadow imps (D:6)
  A white imp (D:8)
  3 dart slugs
  5 ribbon worms
  55 orcs
  6 ball pythons
  5 endoplasms
  17 giant cockroaches
  7 goblins
  8 hobgoblins
  6 jackals
  18 kobolds
  5 quokkas
  6 bats
  8 frilled lizards
  5 rats
309 creatures vanquished.

Vanquished Creatures (collateral kills)
  A foxfire (D:11)
1 creature vanquished.

Vanquished Creatures (others)
  463 foxfires
463 creatures vanquished.

Grand Total: 773 creatures vanquished

Notes
Turn   | Place    | Note
-------+----------+-------------------------------------------
     0 | D:1      | jasper the Mountain Dwarf Fire Elementalist began the quest
                  | for the Orb.
     0 | D:1      | Reached XP level 1. HP: 14/14 MP: 3/3
   143 | D:1      | Found a faded altar of an unknown god.
   174 | D:1      | Prayed at the altar of an unknown god.
   174 | D:1      | Became a worshipper of Ignis, the Dying Flame
   182 | D:1      | Reached XP level 2. HP: 20/20 MP: 0/5
   437 | D:1      | Learned a level 2 spell: Scorch
   746 | D:1      | Found Vuemyumo's Weapon Boutique.
  1247 | D:2      | Reached XP level 3. HP: 26/26 MP: 4/7
  1314 | D:2      | Learned a level 3 spell: Volatile Blastmotes
  2601 | D:3      | Reached XP level 4. HP: 34/34 MP: 8/8
  2810 | D:3      | Reached skill level 1 in Fighting
  2810 | D:3      | Reached skill level 1 in Armour
  3173 | D:3      | Found a broken altar of Ashenzari.
  3333 | D:4      | Reached skill level 5 in Fire Magic
  3333 | D:4      | Reached XP level 5. HP: 40/40 MP: 3/9
  3616 | D:4      | Noticed a phantom
  3620 | D:4      | Killed a phantom
  3621 | D:4      | Reached skill level 1 in Translocations
  3878 | D:4      | Found a shadowy altar of Dithmenos.
  3900 | D:4      | Reached XP level 6. HP: 48/48 MP: 10/10
  4490 | D:5      | Entered Level 5 of the Dungeon
  4956 | D:5      | Reached XP level 7. HP: 48/57 MP: 11/11
  4964 | D:5      | Learned a level 4 spell: Flame Wave
  4974 | D:5      | Noticed a two-headed ogre
  4995 | D:5      | Killed a two-headed ogre
  4996 | D:5      | Reached XP level 8. HP: 47/66 MP: 0/12
  5062 | D:5      | Reached skill level 1 in Conjurations
  5638 | D:5      | Found Weuwni's General Store.
  5647 | D:5      | Bought a scroll of identify for 22 gold pieces
  5647 | D:5      | Bought a wand of paralysis (4) for 105 gold pieces
  5662 | D:5      | Noticed Edmund
  5773 | D:5      | Killed Edmund
  5958 | D:5      | Reached skill level 5 in Fighting
  5958 | D:5      | Reached skill level 5 in Armour
  6435 | D:6      | Reached skill level 1 in Maces & Flails
  6439 | D:6      | Noticed Jeremiah
  6460 | D:6      | Killed Jeremiah
  6461 | D:6      | Reached XP level 9. HP: 33/73 MP: 10/13
  6670 | D:6      | Found a staircase to the Ecumenical Temple.
  6697 | D:6      | Reached skill level 5 in Maces & Flails
  6845 | D:6      | Found Ytanwu's General Store.
  6854 | D:6      | Bought a potion of lignification for 33 gold pieces
  6888 | D:6      | Reached skill level 1 in Shields
  7071 | D:6      | Found Fuluofai's General Store.
  7078 | D:6      | Bought a +0 pair of gloves for 63 gold pieces
  7202 | D:6      | Found Naenixesk's Antique Armour Emporium.
  7362 | D:6      | Found a snail-covered altar of Cheibriados.
  7646 | D:6      | Found Qenol's Magic Scroll Shoppe.
  7781 | D:6      | Bought a scroll of teleportation for 45 gold pieces
  7781 | D:6      | Bought a scroll of teleportation for 45 gold pieces
  7842 | D:6      | Found a glowing golden altar of the Shining One.
  8004 | D:7      | Reached XP level 10. HP: 86/86 MP: 10/14
  8745 | D:8      | Reached skill level 5 in Shields
  8880 | D:8      | Found Xoasm's Jewellery Emporium.
  8907 | D:8      | Learned a level 4 spell: Summon Lightning Spire
  8989 | D:8      | Found a shimmering blue altar of Sif Muna.
  9449 | D:8      | Found a glowing silver altar of Zin.
  9827 | D:9      | Found a shimmering blue altar of Sif Muna.
  9856 | D:9      | Found a radiant altar of Vehumet.
 10423 | D:9      | Found a staircase to the Lair.
 10424 | D:9      | Noticed a five-headed hydra
 10437 | D:9      | Killed a five-headed hydra
 10809 | D:9      | Identified the +1 glaive of the Demagogue {elec, rCorr
                  | Str+3}
 10936 | D:10     | Entered Level 10 of the Dungeon
 10980 | D:10     | Noticed a two-headed ogre
 10990 | D:10     | Killed a two-headed ogre
 10991 | D:10     | Reached XP level 11. HP: 21/97 MP: 3/15
 11110 | D:10     | Found Zeir Vina's Jewellery Emporium.
 11311 | D:10     | Noticed a two-headed ogre
 11321 | D:10     | Killed a two-headed ogre
 11322 | D:10     | Reached skill level 10 in Fighting
 11558 | D:10     | Reached skill level 10 in Armour
 12008 | D:10     | Noticed a two-headed ogre
 12017 | D:10     | Killed a two-headed ogre
 12303 | D:11     | Found Wobonaj's Antique Weapon Shoppe.
 12511 | D:11     | Identified the +3 ring mail of Omission {rF+ Regen+ Slay+3}
 12740 | D:11     | Found a staircase to the Orcish Mines.
 12828 | D:11     | Noticed a boulder beetle
 12868 | D:10     | HP: 3/101 [wraith (8)]
 13172 | D:11     | Killed a boulder beetle
 14175 | D:11     | Found an iron altar of Okawaru.
 14553 | D:12     | Noticed a two-headed ogre
 14561 | D:12     | Killed a two-headed ogre
 14574 | D:12     | Killed from afar by a gargoyle

Illustrated notes

Levels and vault maps discovered:
D:1:      erik_arrival_blinker_ship, layout_basic, basic_ecumenical_altar,
          serial_shops, nicolae_shop_bloodbath_and_beyond, nrook_mini_backslash,
          minmay_hexomino_r4
D:2:      layout_basic, minmay_lizard_king
D:3:      minmay_roachtagon, layout_rooms, ashenzari_altar_1, st_stairs_12,
          minmay_randomly_rotated_circles
D:4:      layout_basic, mainiacjoe_overflow_six_doors_small
D:5:      minmay_diamond_boxcup, layout_loops_ring, serial_shops,
          nicolae_square_shop, uniq_edmund
D:6:      layout_basic, overflow_temple_1_default, kennysheep_slug_shrine,
          minmay_temple_entry_wispy, serial_shops, nicolae_shop_hallway_stairs,
          shop_coins, nicolae_stop_n_shop_1, shop, minmay_joined_circles,
          uniq_jeremiah
D:7:      layout_gridville
D:8:      layout_loops_ring, mainiacjoe_overflow_24_doors, zin_statuary,
          serial_shops, shop
D:9:      layout_rooms, mainiacjoe_overflow_cross_hatched,
          due_lair_maze_entry_diamond, serial_library,
          serial_library_hellmonk_open_cross,
          serial_library_hellmonk_narrow_alcove,
          serial_library_hellmonk_double_dead_end,
          serial_library_regret_index_branch_corner,
          serial_library_hellmonk_open_square,
          serial_library_hellmonk_small_alcove,
          serial_library_regret_index_double_sided,
          serial_library_hellmonk_room_a, serial_library_hellmonk_small_alcove,
          minmay_misc_feat_encased
D:10:     layout_basic, serial_shops, shop_fountains
D:11:     layout_loops_ring, orc_0_dummy, serial_shops,
          nicolae_shop_tiny_statue_garden, special_room [special_room_orc],
          serial_bayou, serial_bayou_lagoon_b, serial_bayou_lagoon_a,
          serial_bayou_shore_a, serial_bayou_shore_b, okawaru_altar_gauntlet_db
D:12:     layout_basic, nicolae_elevator_lobby_plus

Skill      XL: |  1  2  3  4  5  6  7  8  9 10 11 |
---------------+----------------------------------+-----
Spellcasting   | 2 3 |  3.0
Fire Magic     | 4 5 6 8 9 |  9.0
Fighting       | 1 2 3 4 5 7 9 11 | 11.4
Armour         | 1 2 4 5 7 9 11 | 11.1
Translocations | 1 2 |  2.0
Conjurations   | 3 |  3.1
Maces & Flails | 4 5 |  5.0
Shields        | 4 7 9 |  9.7
Dodging        | |  1.3
Stealth        | |  1.4

Action                     |  1- 3 |  4- 6 |  7- 9 | 10-12 || total
---------------------------+-------+-------+-------+-------++-------
  Melee: Dagger            |    28 |    52 |       |       ||    80
         Demon whip        |       |    45 |   199 |   441 ||   685
         Unarmed           |       |       |    18 |       ||    18
   Cast: Foxfire           |    64 |    60 |    64 |    91 ||   279
         Scorch            |    14 |    25 |    35 |   103 ||   177
 Invoke: Fiery Armour      |       |       |     3 |     5 ||     8
  Evoke: Wand              |       |       |     6 |     5 ||    11
    Use: Scroll            |       |    18 |     3 |     2 ||    23
         Potion            |       |     1 |     4 |     3 ||     8
   Stab: Paralysed         |       |       |     7 |       ||     7
         Invisible         |       |       |     3 |       ||     3
 Armour: Ring mail         |    14 |       |       |       ||    14
         Robe              |     4 |       |       |       ||     4
         Scale mail        |    17 |   103 |   166 |   362 ||   648
         Skin              |       |       |     7 |       ||     7
  Dodge: Dodged            |    18 |    42 |    67 |    98 ||   225
  Block: Kite shield       |       |       |    27 |   223 ||   250

Table legend: (Time is in decaauts)
 A = Elapsed time spent in this place.
 B = Non-inter-level travel time spent in this place.
 C = Inter-level travel time spent in this place.
 D = Time resting spent in this place.
 E = Time spent auto-exploring this place.
 F = Levels seen in this place.
 G = Mean time per level.
                   A        B        C        D        E       F      G
               +--------+--------+--------+--------+--------+-----+--------+
         Total |  14682 |  14133 |    549 |    558 |  11014 |  12 | 1223.5 |
       Dungeon |  14682 |  14133 |    549 |    558 |  11014 |  12 | 1223.5 |
               +--------+--------+--------+--------+--------+-----+--------+

Top non-repeatable levels by time:
    D:11: 1917 daAuts
     D:5: 1791 daAuts
     D:6: 1669 daAuts
    D:10: 1661 daAuts
     D:1: 1351 daAuts
     D:4: 1239 daAuts
     D:9: 1205 daAuts
     D:3: 1086 daAuts
     D:8: 1029 daAuts
     D:2: 818 daAuts
     D:7: 740 daAuts
    D:12: 172 daAuts
